 Dungeon Crawl Stone Soup version 0.20-a0-1122-gb7cbeb9 (webtiles) character file.

51 Hook the Insei (level 3, -1/26 HPs)
             Began as a Demonspawn Transmuter on May 14, 2017.
             Slain by Jessica
             ... wielding a +0 dagger
              (4 damage)
             ... on level 2 of the Dungeon.
             The game lasted 00:06:42 (2158 turns).

Hook the Insei (Demonspawn Transmuter)              Turns: 2158, Time: 00:06:43

Health: -1/26      AC:  3    Str: 11    XL:     3   Next: 57%
Magic:  2/6        EV: 12    Int: 14    God:
Gold:   97         SH:  0    Dex: 13    Spells: 3/6 levels left

rFire    . . .     SeeInvis .     - Unarmed
rCold    . . .     Gourm    .   (no shield)
rNeg     . . .     Faith    .   f - +0 leather armour
rPois    .         Spirit   .   (helmet restricted)
rElec    .         Reflect  .   (no cloak)
rCorr    .         Harm     .   (no gloves)
MR       .....                  (boots currently unavailable)
Stlth    +.........             (no amulet)
Regen    0.1/turn               (no ring)
MPRegen  0.1/turn               (no ring)

@: appendage (expiring)
A: antennae 1, talons 3
a: End Transformation


You were on level 2 of the Dungeon.
You were not hungry.
You had grown temporary talons.
You visited 1 branch of the dungeon, and saw 2 of its levels.

You collected 97 gold pieces.

Inventory:

Missiles
 a - 28 arrows
 g - 56 stones (quivered)
 q - 2 throwing nets
Armour
 b - a +0 robe
 f - a +0 leather armour (worn)
Jewellery
 t - a cursed ring of teleportation
Scrolls
 m - a scroll of identify
Potions
 i - a potion of cancellation {unknown}
 n - a potion of resistance {unknown}
 p - a potion of lignification {unknown}
 s - a potion of curing {unknown}
Books
 c - a book of Changes

   Spells                             Type                      Level
   a - Beastly Appendage              Transmutation                1
   b - Sticks to Snakes               Transmutation                2
   c - Spider Form                    Transmutation/Poison         3
   d - Ice Form                       Ice/Transmutation            4
   e - Blade Hands                    Transmutation                5
Comestibles
 d - a bread ration
 j - 2 meat rations
 l - a royal jelly
 u - 2 chunks of flesh


   Skills:
 * Level 1.4 Fighting
 + Level 0.8 Armour
 * Level 2.2 Dodging
 + Level 3.2 Unarmed Combat
 * Level 2.3 Spellcasting
 + Level 1.9 Transmutations


You had 3 spell levels left.
You knew the following spells:

 Your Spells              Type           Power        Failure   Level  Hunger
a - Beastly Appendage     Tmut           #.....       14%         1    #......
b - Sticks to Snakes      Tmut           #.......     21%         2    ###....


Dungeon Overview and Level Annotations

Branches:
Dungeon (2/15)

Altars:

Annotations:
D:2 Jessica


Innate Abilities, Weirdness & Mutations

You have a pair of small antennae on your head.
You have claws for feet.


Message History

Jessica very coldly says, "I hate your company."
Jessica hits you with a dagger.
* * * LOW HITPOINT WARNING * * *
You hit Jessica but do no damage. You claw Jessica.
Jessica is almost dead.
Jessica hits you with a dagger.
* * * LOW HITPOINT WARNING * * *
Jessica hits you but does no damage.
You barely miss Jessica. Your kick misses Jessica.
Jessica is almost dead.
Jessica hits you but does no damage.
You barely miss Jessica. You claw Jessica, but do no damage.
Jessica is almost dead.
Jessica casts a spell.
Jessica blinks!
Casting: Beastly Appendage
Confirm with . or Enter, or press ? or * to list all spells.
You create a snake!
You now have 28 arrows.
Jessica hits you with a dagger.
You die...

#............
#..........#
..#######..........# ..
.....##>.........# ##.
...............?# ..
......##....S...## .#
.....##..........# .#
##.##..............#
.###..##.##.....@.....#
.....###........@......#
..#..........<.........#
#.........###...<....#.#
###......##
#.......##... #...###.#
#.......# ## #.......#
........# ##..#.####
..##...... ....#..


You could see Jessica and a friendly ball python.

Vanquished Creatures
  A worm (D:2)
  A dart slug (D:2)
  4 leopard geckos
  4 giant cockroaches
  4 goblins (D:2)
  2 hobgoblins (D:1)
  7 jackals (D:1)
  A quokka (D:2)
  2 bats
  A frilled lizard (D:1)
  6 kobolds
  5 rats
38 creatures vanquished.

Notes
Turn   | Place    | Note
-------+----------+-------------------------------------------
     0 | D:1      | Hook the Demonspawn Transmuter began the quest for the Orb.
     0 | D:1      | Reached XP level 1. HP: 15/15 MP: 3/3
   252 | D:1      | Gained mutation: You have a pair of small antennae on your head. [demonic ancestry]
   252 | D:1      | Reached XP level 2. HP: 11/21 MP: 3/5
   594 | D:1      | Reached skill level 3 in Unarmed Combat
  1254 | D:2      | Reached XP level 3. HP: 23/26 MP: 4/6
  1583 | D:2      | Learned a level 2 spell: Sticks to Snakes
  2140 | D:2      | Noticed Jessica
  2158 | D:2      | Slain by Jessica

Vault maps used:
D:1:      minmay_arrival_stone_box
D:2:      tgw_xom, uniq_jessica

Skill      XL: |  1  2 |
---------------+-------+-----
Dodging        | 2 |  2.2
Unarmed Combat | 3 |  3.2
Fighting       | |  1.4
Armour         | |  0.8
Spellcasting   | |  2.3
Transmutations | |  1.9

Action                   || total
-------------------------++-------
Melee: Unarmed           ||   174
       Kick              ||    16
       Punch             ||     3
 Cast: Beastly Appendage ||     8
       Sticks to Snakes  ||     3
  Use: Scroll            ||     6
  Eat: Royal jelly       ||     1
       Chunk             ||     2
Armor: Leather armour    ||    39
Dodge: Dodged            ||   105
